 Dungeon Crawl Stone Soup version 0.23-a0-607-g760965b753 (webtiles) character file.

770 GordonOverkill the Magician (level 7, -4/33 HPs)
             Began as a Spriggan Wanderer on Dec 20, 2018.
             Was an Initiate of Sif Muna.
             Slain by a wight
             ... wielding a cursed +2 great sword of freezing
              (16 damage)
             ... on level 8 of the Dungeon.
             The game lasted 00:10:52 (5372 turns).

GordonOverkill the Magician (Spriggan Wanderer)     Turns: 5372, Time: 00:10:52

Health: -4/33      AC:  2    Str:  8    XL:     7   Next: 52%
Magic:  9/16       EV: 21    Int: 15    God:    Sif Muna [......]
Gold:   185        SH:  0    Dex: 16    Spells: 10/17 levels left

rFire    + . .     SeeInvis +   r - +2 dagger (holy)
rCold    + . .     Gourm    .   (shield restricted)
rNeg     + . .     Faith    .   d - +0 robe
rPois    .         Spirit   .   (helmet restricted)
rElec    .         Reflect  .   v - scarf {rC+ rF+}
rCorr    .         Harm     .   (gloves unavailable)
MR       +....                  (boots unavailable)
Stlth    +++.......             a - amulet of magic regeneration
HPRegen  0.11/turn              u - ring of positive energy
MPRegen  0.40/turn              (no ring)

@: very slightly contaminated, drained, very quick
A: very small, unfitting armour, see invisible, herbivore, speed 3, slow
metabolism 2
a: Renounce Religion


You were on level 8 of the Dungeon.
You worshipped Sif Muna.
Sif Muna was noncommittal.
You were not hungry.

You visited 2 branches of the dungeon, and saw 7 of its levels.

You collected 185 gold pieces.

Inventory:

Hand Weapons
 r - a +2 dagger of holy wrath (weapon)
 s - a +1 rapier
Armour
 d - a +0 robe (worn)
 v - a scarf of resistance (worn)
Magical Staves
 q - an uncursed staff of summoning
Jewellery
 a - an amulet of magic regeneration (around neck)
 i - an uncursed ring of ice
 u - a ring of positive energy (left hand)
Wands
 m - a wand of paralysis (10)
Scrolls
 j - 2 scrolls of enchant weapon
 l - 2 scrolls of remove curse
 n - a scroll of teleportation
Potions
 b - 4 potions of curing
 c - a potion of might {unknown}
 g - a potion of resistance {unknown}
 k - a potion of degeneration {unknown}
 t - a potion of invisibility {unknown}
Comestibles
 f - 5 rations


   Skills:
 - Level 1.0(0.8) Fighting
 - Level 1.0(0.8) Throwing
 + Level 5.7(5.5) Dodging
 + Level 5.3(5.1) Stealth
 + Level 5.7(5.5) Spellcasting
 + Level 2.4(2.2) Conjurations
 + Level 4.4(4.2) Charms
 + Level 1.6(1.5) Necromancy
 + Level 1.7(1.5) Fire Magic
 + Level 1.6(1.4) Invocations
 - Level 1.3(1.1) Evocations


You had 10 spell levels left.
You knew the following spells:

 Your Spells              Type           Power        Failure   Level  Hunger
a - Flame Tongue          Conj/Fire      #....        7%          1    None
b - Conjure Flame         Conj/Fire      #.......     22%         3    ###....
c - Regeneration          Chrm/Necr      ##........   14%         3    ###....

Your spell library contained the following spells:

 Spells                   Type           Power        Failure   Level  Hunger
 Infusion                 Chrm           ###.         2%          1    None
 Song of Slaying          Chrm           ###.....     4%          2    #......
 Shroud of Golubria       Chrm/Tloc      ##........   10%         2    #......
 Spectral Weapon          Hex/Chrm       ##......     19%         3    ###....


Dungeon Overview and Level Annotations

Branches:
Dungeon (5/15)             Temple (1/1) D:4

Altars:
Ashenzari
Cheibriados
Fedhas
Hepliaklqana
Kikubaaqudgha
Makhleb
Ru
Sif Muna
Uskayaw
Wu Jian
Xom
Yredelemnul
Zin
The Shining One

Annotations:
D:4 1 runed door, Azzok's ghost, amateur DsFi


Innate Abilities, Weirdness & Mutations

You are very small and have problems with some larger weapons.
You are too small for most types of armour.
You have supernaturally acute eyesight. (SInv)
You are a herbivore.
You cover ground extremely quickly.
You need to consume almost no food.


Message History

The wight is severely damaged.
Casting: Flame Tongue (safe; 6% risk of failure)
Confirm with . or Enter, or press ? or * to list all spells.
Aiming: Flame Tongue (safe; 6% risk of failure)
Press: ? - help, Shift-Dir - straight line, f/p - wight
Aim: a wight, wielding a +2 great sword of freezing and wearing a +0 robe The flame tongue hits the wight.
The wight is severely damaged.
Casting: Flame Tongue (safe; 6% risk of failure)
Confirm with . or Enter, or press ? or * to list all spells.
Aiming: Flame Tongue (safe; 6% risk of failure)
Press: ? - help, Shift-Dir - straight line, f/p - wight
Aim: a wight, wielding a +2 great sword of freezing and wearing a +0 robe The flame tongue hits the wight.
The wight appears unharmed.
You hit the wight but do no damage.
The wight hits you with a cursed +2 great sword of freezing!
You partially resist.
You feel drained. The wight freezes you.
You hit the wight but do no damage.
The wight hits you with a cursed +2 great sword of freezing!
You die...

#### #..
#.# #@#
#z#
#z####..#
#z......#
#........#
#........#
####
#........#
#...
#........#
#...
#.......[.
#...


You could see 3 wights.

Vanquished Creatures
  An ice beast (D:5)
  An ogre (D:1)
  A scorpion (D:5)
  A hound (D:5)
  An orc priest (D:3)
  2 orc wizards (D:3)
  2 iguanas (D:5)
  7 worker ants
  A hound skeleton (D:4)
  4 gnolls (D:2)
  5 adders
  An adder skeleton (D:4)
  3 worms
  2 dart slugs
  4 leopard geckos
  4 orcs (D:3)
  4 ball pythons
  2 giant cockroaches
  5 goblins
  7 hobgoblins
  13 jackals
  4 quokkas
  10 bats
  6 frilled lizards
  11 kobolds
  8 rats
110 creatures vanquished.

Notes
Turn   | Place    | Note
-------+----------+-------------------------------------------
     0 | D:1      | GordonOverkill the Spriggan Wanderer began the quest for
                  | the Orb.
     0 | D:1      | GordonOverkill set off with the following items: a +0
                  | spear, a +0 robe, a ration; and the following spells
                  | available to memorise: Infusion, Song of Slaying, Shroud of
                  | Golubria, Flame Tongue, Regeneration, Spectral Weapon,
                  | Conjure Flame
     0 | D:1      | Reached XP level 1. HP: 10/10 MP: 6/6
     2 | D:1      | Learned a level 1 spell: Flame Tongue
   197 | D:1      | Reached skill level 1 in Stealth
   221 | D:1      | Reached XP level 2. HP: 14/14 MP: 4/8
   661 | D:1      | Reached XP level 3. HP: 18/18 MP: 3/9
   863 | D:2      | Reached skill level 1 in Conjurations
   979 | D:2      | Reached XP level 4. HP: 14/22 MP: 5/11
  1132 | D:2      | Noticed an ogre
  1178 | D:1      | Killed an ogre
  1178 | D:1      | Reached skill level 5 in Spellcasting
  1178 | D:1      | Reached XP level 5. HP: 25/25 MP: 8/13
  1220 | D:2      | Learned a level 3 spell: Conjure Flame
  1224 | D:2      | Learned a level 3 spell: Regeneration
  1385 | D:2      | Found an ornate altar of the Wu Jian Council.
  1898 | D:2      | Found a shimmering altar of Xom.
  2074 | D:3      | Reached XP level 6. HP: 17/30 MP: 6/14
  2240 | D:3      | Found a sacrificial altar of Ru.
  2287 | D:3      | Reached skill level 5 in Dodging
  2641 | D:3      | Found a glowing silver altar of Zin.
  2709 | D:4      | Found a runed door.
  2784 | D:4      | Found a staircase to the Ecumenical Temple.
  2800 | Temple   | Entered the Ecumenical Temple
  3003 | Temple   | Became a worshipper of Sif Muna the Loreminder
  3161 | D:4      | Reached skill level 1 in Fire Magic
  3276 | D:4      | Reached skill level 1 in Necromancy
  4275 | D:4      | Noticed Azzok's ghost (amateur DsFi)
  4314 | D:5      | Entered Level 5 of the Dungeon
  4331 | D:5      | Reached skill level 1 in Invocations
  4639 | D:5      | Reached XP level 7. HP: 33/33 MP: 9/16
  4765 | D:5      | Reached skill level 5 in Stealth
  5226 | D:5      | You fall through a shaft for 3 floors!
  5372 | D:8      | Slain by a wight

Vault maps used:
D:1:      roderic_chinese_lattice_arrival
D:2:      lemuel_round_altar, xom_teletrap_fun
D:3:      zin_statuary, lemuel_doored_altar
D:4:      minmay_temple_entry_overgrown, first_ration,
          ebering_ghost_reflecting_pool
D:5:      nicolae_overflow_hidden_temple, uniq_crazy_yiuf_cottage
Temple:   jpeg_temple_alley_garden

Skill      XL: |  1  2  3  4  5  6  7 |
---------------+----------------------+-----
Stealth        | 1 2 3 4 5 |  5.3
Conjurations   | 1 2 |  2.4
Dodging        | 4 5 |  5.7
Spellcasting   | 5 |  5.7
Fire Magic     | 1 |  1.7
Necromancy     | 1 |  1.6
Invocations    | 1 |  1.6
Charms         | 4 |  4.4
Fighting       | |  1.0
Throwing       | |  1.0
Evocations     | |  1.3

Action                   |  1- 3 |  4- 6 |  7- 9 || total
-------------------------+-------+-------+-------++-------
Melee: Spear             |     6 |     1 |       ||     7
       Dagger            |       |       |     2 ||     2
 Cast: Flame Tongue      |    81 |   205 |    53 ||   339
       Conjure Flame     |       |       |     5 ||     5
  Use: Scroll            |       |       |     7 ||     7
  Eat: Ration            |       |       |     1 ||     1
Armor: Robe              |     9 |    11 |     1 ||    21
Dodge: Dodged            |    92 |   132 |    29 ||   253

Table legend:
 A = Non-vault XP
 B = Vault XP
 C = Vault XP percentage of total XP
 D = Non-vault monster count
 E = Vault monster count
 F = Vault count percentage of total count
                 A         B        C        D         E       F
            +---------+---------+-------+---------+---------+-------
      Total |    1100 |       0 |   0.0 |     110 |       0 |   0.0
            +---------+---------+-------+---------+---------+-------
        D:1 |     166 |       0 |   0.0 |      28 |       0 |   0.0
        D:2 |     137 |       0 |   0.0 |      34 |       0 |   0.0
        D:3 |     153 |       0 |   0.0 |      23 |       0 |   0.0
        D:4 |     238 |       0 |   0.0 |      16 |       0 |   0.0
        D:5 |     374 |       0 |   0.0 |       8 |       0 |   0.0
        D:8 |      32 |       0 |   0.0 |       1 |       0 |   0.0
            +---------+---------+-------+---------+---------+-------
